 Dungeon Crawl Stone Soup version 0.30-a0-652-gcc886f7154 (webtiles) character file.

Game seed: 6048737603649664818

117 Dittersdorf the Trooper (level 5, 0/33 HPs)
             Began as a Gargoyle Fighter on Jan 17, 2023.
             Slain by an orc wizard
             ... wielding a +0 flail
              (2 damage)
             ... on level 3 of the Dungeon.
             The game lasted 00:02:59 (1734 turns).

Dittersdorf the Trooper (Gargoyle Fighter)          Turns: 1734, Time: 00:03:00

Health: 0/33       AC: 12    Str: 22    XL:     5   Next: 1%
Magic:  5/5        EV:  9    Int:  8    God:
Gold:   149        SH:  4    Dex:  9    Spells: 4/4 levels left

rFire   . . .      SeeInvis .    a - +0 flail
rCold   . . .      Faith    +    c - +0 buckler
rNeg    + + .      Spirit   .    b - +0 scale mail
rPois   ∞          Reflect  .    l - +1 hat
rElec   +          Harm     .    (no cloak)
rCorr   .          Rampage  .    (no gloves)
Will    .....                    (no boots) Stlth
                                 p - amulet of faith
HPRegen 0.25/turn                m - ring of positive energy
MPRegen 0.09/turn                (no ring)

@: no status effects
A: sickness immunity, AC +4, negative energy resistance 1, electricity
resistance, torment resistance 1, petrification resistance
a: no special abilities


You were on level 3 of the Dungeon.
You visited 1 branch of the dungeon, and saw 3 of its levels.

You collected 149 gold pieces.

Inventory:

Hand Weapons
 a - a +0 flail (weapon)
Missiles
 n - 6 curare-tipped darts (quivered)
Armour
 b - a +0 scale mail (worn)
 c - a +0 buckler (worn)
 l - a +1 hat (worn)
Jewellery
 m - a ring of positive energy (left hand)
 p - an amulet of faith (around neck)
Scrolls
 e - 5 scrolls of identify {unknown}
 k - 2 scrolls of enchant weapon {unknown}
 o - a scroll of magic mapping {unknown}
Potions
 d - a potion of might
 f - a potion of degeneration {unknown}
 g - a potion of attraction {unknown}
 h - a potion of resistance {unknown}
 i - a potion of lignification {unknown}
 j - 2 potions of curing {unknown}


   Skills:
 + Level 4.1 Fighting
 + Level 3.0 Maces & Flails
 + Level 4.1 Armour
 + Level 4.1 Shields


You had 4 spell levels left.
You didn't know any spells.
Your spell library contained the following spells:

 Spells                   Type           Power      Damage    Failure   Level
 Wereblood                Tmut           0%         N/A       91%         2
 Airstrike                Air            0%         2d(0-16)  100%        4
 Summon Lightning Spire   Summ/Air       0%         N/A       100%        4
 Lightning Bolt           Conj/Air       0%         1d11      100%        5
 Summon Hydra             Summ           0%         N/A       100%        7
 Sublimation of Blood     Necr           Unusable   N/A       N/A         2

Dungeon Overview and Level Annotations

Branches:
Dungeon (3/15)

Altars:


Innate Abilities, Weirdness & Mutations

You are immune to sickness and miasma.
Your stone body is resilient. (AC +4)
You are immune to poison.
You resist negative energy. (rN+)
You are resistant to electric shocks. (rElec)
You are resistant to unholy torment.
You are immune to petrification.


Message History

You hear some strange, mumbled words.
A magic dart appears from out of thin air!
The magic dart hits you.
You bump into the rock wall.
You feel less confused. Something hits you but does no damage.
You miss something. Something hits you but does no damage.
You barely miss something.
Something hits you but does no damage. x2
You miss something. Something hits you.
You closely miss something. Something hits you but does no damage.
You miss something.
Something hits you but does no damage. x2
You barely miss something.
You hear some strange, mumbled words.
A magic dart appears from out of thin air!
The magic dart hits you.
You closely miss something. Something hits you but does no damage.
You closely miss something.
You hear some strange, mumbled words.
You are confused.
Something hits you but does no damage.
You're too confused to move!
Something hits you.
You closely miss something. Something hits you!
* * * LOW HITPOINT WARNING * * *
Something hits you but does no damage.
You bump into the rock wall.
Something hits you but does no damage.
You bump into the rock wall.
You feel less confused. Something hits you but does no damage.
You closely miss something. You block something's attack.
You closely miss something.
You hear some strange, mumbled words.
A magic dart appears from out of thin air!
The magic dart hits you.
* * * LOW HITPOINT WARNING * * *
You completely miss something. Something hits you.
* * * LOW HITPOINT WARNING * * *
You hear some strange, mumbled words.
Something tries to affect you, but you resist.
You miss something. Something hits you.
You die...

.... ......### ##.#. #..#
#.#..... ... ...... #..####.#...#
#..# ...... ##..##......# #..#
.##.#. .......#.#..#####..###
.#.#. .....o................
.....
.....#####..#..##..#####.##..#.#.
.....# #................. .....
.o...# #..###{@......... .....
.....# #.....#...#####.# ..#.#.
.....# #.#...##...####.##......
.....# #.#[..##................
.....# #?#...#####....###..#.##
....................#...
..##...########..##...... ....
#...# ##.##.##### .... #####
#....# ##


There were no monsters in sight!

Vanquished Creatures
  5 gnolls
  An adder (D:2)
  2 dart slugs (D:1)
  5 orcs (D:3)
  4 ball pythons
  5 endoplasms
  3 giant cockroaches
  3 goblins (D:1)
  2 hobgoblins
  3 jackals
  3 quokkas (D:1)
  4 bats
  4 frilled lizards
  6 rats
50 creatures vanquished.

Notes
Turn   | Place    | Note
-------+----------+-------------------------------------------
     0 | D:1      | Dittersdorf the Gargoyle Fighter began the quest for the
                  | Orb.
     0 | D:1      | Reached XP level 1. HP: 14/14 MP: 1/1
    86 | D:1      | Reached XP level 2. HP: 4/19 MP: 2/2
   371 | D:1      | Found a faded altar of an unknown god.
   374 | D:1      | Reached XP level 3. HP: 23/23 MP: 3/3
   951 | D:2      | Reached XP level 4. HP: 29/29 MP: 4/4
  1590 | D:3      | Reached XP level 5. HP: 33/33 MP: 5/5
  1622 | D:3      | Identified the +9 quarterstaff "Raw Zuix" {speed, rPois rN+
                  | Int-2}
  1734 | D:3      | Slain by an orc wizard

Illustrated notes

Levels and vault maps discovered:
D:1:      dpeg_arrival_pits, layout_loops_ring,
          hellmonk_ecumenical_altar_zigzags, minmay_heptomino_o4
D:2:      layout_basic
D:3:      layout_basic, fedhas_altar_4

Skill      XL: |  1  2  3  4 |
---------------+-------------+-----
Fighting       | 4 |  4.1
Shields        | 4 |  4.1
Armour         | 4 |  4.1
Maces & Flails | 3 |  3.0

Action                   |  1- 3 |  4- 6 || total
-------------------------+-------+-------++-------
Melee: Flail             |    72 |    85 ||   157
Armor: Scale mail        |    40 |    56 ||    96
Dodge: Dodged            |    26 |    34 ||    60
Block: Buckler           |    13 |    14 ||    27

Table legend: (Time is in decaauts)
 A = Elapsed time spent in this place.
 B = Non-inter-level travel time spent in this place.
 C = Inter-level travel time spent in this place.
 D = Time resting spent in this place.
 E = Time spent auto-exploring this place.
 F = Levels seen in this place.
 G = Mean time per level.
                   A        B        C        D        E       F      G
               +--------+--------+--------+--------+--------+-----+--------+
         Total |   1781 |   1719 |     62 |    148 |   1163 |   3 |  593.7 |
       Dungeon |   1781 |   1719 |     62 |    148 |   1163 |   3 |  593.7 |
               +--------+--------+--------+--------+--------+-----+--------+

Top non-repeatable levels by time:
     D:1: 864 daAuts
     D:2: 597 daAuts
     D:3: 319 daAuts
